 Dungeon Crawl Stone Soup version 0.26-a0-200-g62faa89a7e (webtiles) character file.

Game seed: 1186652299967885577

128 Flugkiller the Stinger (level 5, -1/31 HPs)
             Began as an Octopode Venom Mage on July 5, 2020.
             Killed from afar by a white imp (10 damage)
             ... with a puff of frost
             ... on level 5 of the Dungeon.
             The game lasted 00:08:21 (762 turns).

Flugkiller the Stinger (Octopode Venom Mage)         Turns: 762, Time: 00:08:21

Health: -1/31      AC:  1    Str:  7    XL:     5   Next: 11%
Magic:  8/9        EV: 13    Int: 19    God:
Gold:   92         SH:  3    Dex: 12    Spells: 0/10 levels left

rFire    . . .     SeeInvis .   j - +0 falchion
rCold    . . .     Faith    .   a - +0 buckler
rNeg     . . .     Spirit   .   (helmet restricted)
rPois    .         Reflect  .   m - amulet of the acrobat
rElec    .         Harm     .   c - ring of wizardry
rCorr    .                      h - ring of protection from magic
MR       +....                  (no ring)
Stlth    +++.......             (no ring)
HPRegen  0.10/turn              (no ring)
MPRegen  0.11/turn              (no ring)
                                (no ring)
                                (no ring)

@: no status effects
A: almost no armour, stealthy swim, amphibious, 8 rings, constrict 8, camouflage
1, gelatinous body 1
a: no special abilities


You were on level 5 of the Dungeon.
You were not hungry.

You visited 1 branch of the dungeon, and saw 5 of its levels.

You collected 92 gold pieces.

Inventory:

Hand Weapons
 f - a +0 glaive
   (You found it on level 2 of the Dungeon)
 j - a +0 falchion (weapon)
   (You took it off an orc on level 3 of the Dungeon)
Missiles
 e - 6 boomerangs (quivered)
Armour
 a - a +0 buckler (worn)
   (You found it on level 1 of the Dungeon)
Jewellery
 c - a ring of wizardry (left tentacle)
   (You found it on level 1 of the Dungeon)
 h - a ring of protection from magic (right tentacle)
   (You found it on level 2 of the Dungeon)
 m - an amulet of the acrobat (around mantle)
   (You found it on level 3 of the Dungeon)
Scrolls
 d - a scroll of teleportation {unknown}
 k - a scroll of enchant armour {unknown}
Potions
 g - 2 potions of curing
Comestibles
 b - 2 rations


   Skills:
 - Level 2.0 Dodging
 - Level 2.6 Stealth
 - Level 0.9 Shields
 - Level 3.0 Spellcasting
 - Level 1.0 Transmutations
 + Level 5.9 Poison Magic


You couldn't memorise any spells.
You knew the following spells:

 Your Spells              Type           Power        Failure   Level  Hunger
a - Sting                 Tmut/Pois      ###.         2%          1    None
b - Poisonous Vapours     Pois/Air       ##....       4%          2    ##.....
c - Mephitic Cloud        Conj/Pois/Air  ##......     12%         3    ###....
d - Olgreb's Toxic Radia  Pois           ####....     8%          4    ####...

Your spell library contained the following spells:

 Spells                   Type           Power        Failure   Level  Hunger
 Ignite Poison            Fire/Tmut/Pois ##......     11%         3    ###....


Dungeon Overview and Level Annotations

Branches:
Dungeon (5/15)
 Temple: D:4-7

Altars:
Fedhas


Innate Abilities, Weirdness & Mutations

You cannot wear most types of armour.
You are very stealthy in the water. (Stealth+)
You are amphibious.
You can wear up to eight rings at the same time.
You can use your tentacles to constrict eight enemies at once.
Your skin changes colour to match your surroundings (Stealth+).
Your rubbery body absorbs attacks. (AC +1, EV +1)


Message History

There is a stone staircase leading up, spattered with blood here.
Things that are here:
a +0 club; a gnoll corpse You hit the adder but do no damage.
You grab the adder.
The adder is severely wounded.
You constrict the adder.
The adder looks more healthy.
The adder closely misses you.
You riposte.
You hit the adder.
The adder is almost dead.
The adder closely misses you.
You riposte.
You barely miss the adder.
The adder is almost dead.
You hit the adder.
You kill the adder!
This spell is quite dangerous to cast!
Memorise Olgreb's Toxic Radiance, consuming 4 spell levels and leaving 0?
You start memorising the spell.
You continue memorising. x4
You finish memorising.
Spell assigned to 'd'.
As you read the scroll labeled XUCRUGE FEAFF, it crumbles to dust.
It is a scroll of identify.
g - 2 potions of curing
As you read the scroll of identify, it crumbles to dust.
l - a potion of degeneration Drop what? 12/52 slots (_ for help) (? for menu, Esc to quit)
You drop a potion of degeneration.
There is a stone staircase leading down here.
You climb downwards.
A white imp comes into view.
Found 20 sling bullets.
There is a stone staircase leading up here.
You open the door.
The white imp shouts, "Back with thee, thou odious fat-kidneyed socdollager!"
Found a blossoming altar of Fedhas.
There is an open door here.
You close the door.
A white imp opens the door.
The white imp gestures at you. The puff of frost hits you!
The white imp hits you. The white imp freezes you.
* * * LOW HITPOINT WARNING * * *
There is an open door here.
You closely miss the white imp. You grab the white imp.
You constrict the white imp. The white imp gestures at you.
The puff of frost hits you.
* * * LOW HITPOINT WARNING * * *
You barely miss the white imp. You squeeze the white imp.
The white imp is lightly wounded.
You constrict the white imp, but do no damage.
The white imp gestures at you. The puff of frost hits you!
You die...

#### ##.. ##..#
+# ###.#...# .#
#.....<.###.###
##......@.._..+
#.....5#######
#.(.....# ##
#........# ##
.......... ..
##.#..#.## ..
####.... ... #
.. ...


You could see a white imp.

Vanquished Creatures
  An orc priest (D:4)
  2 gnolls (D:4)
  2 adders
  An ooze (D:3)
  A worm (D:4)
  A leopard gecko (D:3)
  9 orcs
  5 giant cockroaches
  6 goblins
  4 hobgoblins
  2 jackals (D:1)
  A kobold (D:1)
  4 bats
  A frilled lizard (D:3)
  2 rats (D:1)
42 creatures vanquished.

Notes
Turn   | Place    | Note
-------+----------+-------------------------------------------
     0 | D:1      | Flugkiller the Octopode Venom Mage began the quest for the
                  | Orb.
     0 | D:1      | Reached XP level 1. HP: 11/11 MP: 3/3
    80 | D:1      | Reached XP level 2. HP: 14/17 MP: 0/5
    99 | D:1      | Learned a level 2 spell: Poisonous Vapours
   184 | D:1      | Reached skill level 4 in Poison Magic
   326 | D:2      | Reached XP level 3. HP: 15/21 MP: 0/6
   331 | D:2      | Learned a level 3 spell: Mephitic Cloud
   523 | D:3      | Reached XP level 4. HP: 17/27 MP: 0/8
   624 | D:4      | Reached skill level 5 in Poison Magic
   677 | D:4      | Reached XP level 5. HP: 18/31 MP: 2/9
   744 | D:4      | Learned a level 4 spell: Olgreb's Toxic Radiance
   752 | D:5      | Entered Level 5 of the Dungeon
   754 | D:5      | Found a blossoming altar of Fedhas.
   762 | D:5      | Killed from afar by a white imp

Illustrated notes

Levels and vault maps discovered:
D:1:      dpeg_arrival_castle, layout_loops_ring, serial_forest,
          infiniplex_forest_clump_long, infiniplex_forest_fountain,
          infiniplex_forest_clump_tiny, infiniplex_forest_side_room,
          infiniplex_forest_zigzag_2, kennysheep_decorative_pillar
D:2:      layout_rooms, led_sif_pool, nicolae_dithmenos_through_a_glass_darkly
D:3:      layout_basic, chequers_serial_rivers_room_b
D:4:      kennysheep_goblin_castle, layout_loops_ring,
          lemuel_coloured_pillars_altar, nicolae_ru_sacrificial_ziggurat,
          gammafunk_temple_overflow_pools, uniq_robin
D:5:      layout_cave_pools, bloody_trog, slow_altar_2, lemuel_doored_altar,
          first_ration, uniq_duvessa

Skill      XL: |  1  2  3  4 |
---------------+-------------+-----
Poison Magic   | 4 5 |  5.9
Spellcasting   | 3 |  3.0
Dodging        | |  2.0
Stealth        | |  2.6
Shields        | |  0.9
Transmutations | |  1.0

Action                   |  1- 3 |  4- 6 || total
-------------------------+-------+-------++-------
Melee: Unarmed           |    14 |       ||    14
       Constrict         |     8 |     6 ||    14
       Tentacles         |     5 |     2 ||     7
       Club              |    10 |       ||    10
       Falchion          |     1 |    14 ||    15
Throw: Boomerang         |     1 |       ||     1
 Cast: Sting             |    29 |     3 ||    32
       Poisonous Vapours |     8 |     8 ||    16
  Use: Scroll            |       |     2 ||     2
  Eat: Ration            |     1 |       ||     1
Armor: Skin              |     2 |       ||     2
Dodge: Dodged            |    25 |     4 ||    29
Block: Buckler           |     2 |     2 ||     4
       Rpst.: Falchion   |     1 |     2 ||     3

Table legend:
 A = Non-vault XP
 B = Vault XP
 C = Vault XP percentage of total XP
 D = Non-vault monster count
 E = Vault monster count
 F = Vault count percentage of total count
                 A         B        C        D         E       F
            +---------+---------+-------+---------+---------+-------
      Total |     183 |       0 |   0.0 |      42 |       0 |   0.0
            +---------+---------+-------+---------+---------+-------
        D:1 |      25 |       0 |   0.0 |      14 |       0 |   0.0
        D:2 |      22 |       0 |   0.0 |       6 |       0 |   0.0
        D:3 |      41 |       0 |   0.0 |      15 |       0 |   0.0
        D:4 |      95 |       0 |   0.0 |       7 |       0 |   0.0
            +---------+---------+-------+---------+---------+-------
